AoeStats
← Thomsen

Coastal Forest

503408134Analyzed
2v2 RM · 1mo ago on Aug 31, 2026· 34m 3s· 4 players
Game mode
Random Map
Map size
Medium (4 player)
Population
200
Speed
Normal
Resources
Standard
Victory
Conquest
Starting age
Dark Age
Ending age
Imperial Age
RankedLock teamsTeams togetherTeam positionsShared explorationLock speedFull tech treeHidden civsTurbo modeCheats
Victory
Defeat
🇩🇪 Celts · Germany
947
+16
🇵🇱 Armenians · Poland
853
+20
🇩🇰 Spanish · Denmark
948
-18
🇨🇴 Romans · Colombia
938
-18
Thomsen
10:31 Loom
12:34 Feudal Age
13:02 Horse Collar
13:11 Double-Bit Axe
22:19 Castle Age
20:51 Stone Mining
21:49 Gold Mining
22:37 Fletching
22:54 Scale Barding Armor
28:22 Heavy Plow
29:15 Masonry
pablodaniv
12:39 Feudal Age
14:07 Wheelbarrow
13:22 Double-Bit Axe
19:39 Castle Age
19:51 Horse Collar
20:45 Hand Cart
20:06 Man-at-Arms
22:21 Bow Saw
22:28 Fishing Lines
22:30 Long Swordsman
26:34 Scale Mail Armor
26:45 Forging
30:43 Chain Mail Armor
30:39 Forging
33:16 Forging
33:13 Scale Barding Armor
Walls vs Zombies 2009
7:23 Loom
10:22 Feudal Age
12:50 Double-Bit Axe
15:01 Fishing Lines
17:09 Wheelbarrow
17:14 Forging
19:48 Castle Age
18:23 Forging
17:50 Man-at-Arms
19:51 Scale Mail Armor
20:43 Bow Saw
20:19 Long Swordsman
21:50 Chain Mail Armor
22:20 Gambesons
23:04 Hand Cart
23:03 Arson
23:57 Iron Casting
27:07 Gillnets
29:44 Town Watch
33:58 Gold Mining
33:50 Horse Collar
Binky
8:42 Loom
11:18 Feudal Age
12:12 Double-Bit Axe
12:10 Horse Collar
24:23 Castle Age
23:38 Wheelbarrow
24:02 Fletching
24:12 Padded Archer Armor
25:35 Bodkin Arrow
25:56 Leather Archer Armor
27:29 Hand Cart
29:19 Bow Saw
29:10 Heavy Plow
29:02 Gold Mining
29:10 Stone Mining
29:11 Gold Mining
30:28 Gold Shaft Mining
Connection lost

Rejoining the realm…

Still unreachable

The connection could not be restored.

Session expired

The server has moved on; the page needs a fresh start.